[ AOE2 MATCH · #492698331 ]
UnrankedChinese vs Mongols
[ REPLAY ANALYSIS · EXTRACTED FROM THE RECORDED GAME ]
Feudal
13:39
Castle
23:04
Imperial
37:19
| APM avg | 28.5 |
| APM peak | 58 |
| eAPM avg | 16.1 |
| Villagers / military | 136 / 132 |
Focus
⚔️ 37.0% · 🌾 63.0%
Chu Ko Nu ×70 · Scout Cavalry ×42 · Unknown (2626) ×10 · Fishing Ship ×9 · Fire Galley ×8 · Galley ×6
Feudal
13:16
Castle
18:38
Imperial
33:35
| APM avg | 37.7 |
| APM peak | 86 |
| eAPM avg | 18.9 |
| Villagers / military | 142 / 79 |
Focus
⚔️ 22.6% · 🌾 77.4%
Hussite Wagon ×49 · Hand Cannoneer ×25 · Fishing Ship ×7 · Trebuchet (Packed) ×3 · Monk ×1 · Mangonel ×1
Feudal
13:03
Castle
33:45
Imperial
—
| APM avg | 27.1 |
| APM peak | 60 |
| eAPM avg | 14.9 |
| Villagers / military | 84 / 71 |
Focus
⚔️ 28.4% · 🌾 71.6%
Steppe Lancer ×27 · Galley ×13 · Fishing Ship ×13 · Mangudai ×11 · Camel Scout ×7 · Scout Cavalry ×6
Feudal
13:56
Castle
18:52
Imperial
32:33
| APM avg | 30.1 |
| APM peak | 72 |
| eAPM avg | 18.6 |
| Villagers / military | 132 / 58 |
Focus
⚔️ 23.1% · 🌾 76.9%
Fishing Ship ×12 · Camel Archer ×11 · Mangonel ×10 · Bombard Cannon ×10 · Galley ×9 · Fire Galley ×9
Feudal
12:27
Castle
17:03
Imperial
34:05
| APM avg | 40.7 |
| APM peak | 73 |
| eAPM avg | 22.9 |
| Villagers / military | 127 / 94 |
Focus
⚔️ 34.9% · 🌾 65.1%
Knight ×45 · Scorpion ×28 · Galley ×14 · Fishing Ship ×14 · Unknown (2626) ×11 · Bombard Cannon ×3
Feudal
13:19
Castle
20:28
Imperial
34:21
| APM avg | 36.9 |
| APM peak | 65 |
| eAPM avg | 14.7 |
| Villagers / military | 107 / 103 |
Focus
⚔️ 29.0% · 🌾 71.0%
Archer ×25 · Militia ×25 · Longboat ×25 · Berserk ×15 · Galley ×9 · Fishing Ship ×9
Match map
Initial resources + every placement click. Lines = walls · curves = elevation contours. ◆ gold · ⬟ stone · ● berries · ✦ relic · ◌ wall gap
Your base· Open — 11t gap
TheWolf's base· Open — unwalled flank
The Great Lynx Paw's base· Open — 9t gap
The Great Lion Paw's base· Open — unwalled flank
uku_'s base· Open — unwalled flank
The Great Leopard Paw's base· Open — 8t gap
Smoothed initial terrain · ◌ = detected wall gap · hover for details
Inputs per minute
— dl_king - - TheWolf
Build order — dl_king
First 150 of 429 actions detected
| 0:04 | Build | Town Center |
| 0:22 | Build | Dock |
| 2:25 | Research | Loom |
| 2:59 | Create | Villager (Male) |
| 3:22 | Create | Villager (Male) |
| 3:22 | Create | Villager (Male) |
| 3:48 | Create | Villager (Male) |
| 4:08 | Create | Villager (Male) |
| 4:08 | Create | Villager (Male) |
| 4:44 | Create | Villager (Male) |
| 4:45 | Create | Villager (Male) |
| 4:59 | Create | Villager (Male) |
| 5:18 | Build | House |
| 5:26 | Create | Villager (Male) |
| 5:30 | Create | Fishing Ship |
| 5:31 | Create | Fishing Ship |
| 5:57 | Create | Villager (Male) |
| 5:57 | Create | Villager (Male) |
| 6:27 | Create | Villager (Male) |
| 6:27 | Create | Villager (Male) |
| 6:30 | Create | Fishing Ship |
| 6:30 | Create | Fishing Ship |
| 6:41 | Create | Villager (Male) |
| 6:41 | Create | Villager (Male) |
| 6:55 | Create | Fishing Ship |
| 7:04 | Build | House |
| 7:08 | Create | Villager (Male) |
| 7:22 | Build | House |
| 7:42 | Create | Villager (Male) |
| 7:42 | Create | Villager (Male) |
| 8:10 | Create | Fishing Ship |
| 8:10 | Create | Fishing Ship |
| 8:10 | Create | Fishing Ship |
| 8:25 | Create | Villager (Male) |
| 8:38 | Create | Villager (Male) |
| 8:38 | Create | Villager (Male) |
| 8:43 | Build | Mill |
| 9:06 | Create | Fishing Ship |
| 9:20 | Create | Villager (Male) |
| 9:20 | Create | Villager (Male) |
| 9:20 | Create | Villager (Male) |
| 9:20 | Create | Villager (Male) |
| 9:21 | Create | Villager (Male) |
| 9:50 | Build | House |
| 9:52 | Build | House |
| 9:53 | Build | House |
| 10:16 | Build | Lumber Camp |
| 10:25 | Build | Mining Camp |
| 11:25 | Build | Dock |
| 11:29 | Research | Feudal Age |
| 11:30 | Research | Feudal Age |
| 12:26 | Create | Villager (Male) |
| 12:26 | Create | Villager (Male) |
| 12:26 | Create | Villager (Male) |
| 13:11 | Build | House |
| 13:13 | Build | House |
| 13:13 | Build | House |
| 13:39 | Age | Feudal Age |
| 13:41 | Create | Unit 2626 |
| 13:44 | Research | Double-Bit Axe |
| 13:45 | Research | Gold Mining |
| 14:05 | Build | Farm |
| 14:06 | Build | Farm |
| 14:07 | Build | Farm |
| 14:08 | Build | Farm |
| 14:09 | Build | Farm |
| 14:10 | Build | Farm |
| 14:11 | Build | Farm |
| 14:13 | Build | Farm |
| 14:14 | Research | Horse Collar |
| 14:30 | Create | Unit 2626 |
| 14:30 | Create | Unit 2626 |
| 14:49 | Create | Unit 2626 |
| 14:50 | Create | Unit 2626 |
| 14:52 | Create | Villager (Male) |
| 14:56 | Build | Farm |
| 15:00 | Build | Farm |
| 15:03 | Build | Farm |
| 15:16 | Create | Unit 2626 |
| 15:17 | Create | Unit 2626 |
| 15:19 | Create | Villager (Male) |
| 15:19 | Create | Villager (Male) |
| 15:20 | Create | Villager (Male) |
| 16:18 | Create | Fire Galley |
| 16:18 | Create | Fire Galley |
| 16:21 | Create | Villager (Male) |
| 16:21 | Create | Villager (Male) |
| 16:21 | Create | Villager (Male) |
| 16:35 | Create | Unit 2626 |
| 17:17 | Create | Fire Galley |
| 17:17 | Create | Fire Galley |
| 17:47 | Create | Fire Galley |
| 17:47 | Create | Fire Galley |
| 18:04 | Create | Fire Galley |
| 18:04 | Create | Fire Galley |
| 18:05 | Create | Villager (Male) |
| 18:05 | Create | Villager (Male) |
| 18:05 | Create | Villager (Male) |
| 18:22 | Build | House |
| 18:28 | Build | House |
| 18:29 | Build | House |
| 18:29 | Build | House |
| 18:29 | Build | House |
| 19:02 | Create | Unit 2626 |
| 19:02 | Create | Unit 2626 |
| 19:22 | Build | Market |
| 19:25 | Build | Blacksmith |
| 19:32 | Create | Villager (Male) |
| 19:32 | Create | Villager (Male) |
| 19:32 | Create | Villager (Male) |
| 19:40 | Build | Mining Camp |
| 20:21 | Research | Castle Age |
| 20:47 | Create | Galley |
| 20:47 | Create | Galley |
| 20:51 | Research | Fletching |
| 20:51 | Research | Fletching |
| 21:18 | Create | Galley |
| 21:18 | Create | Galley |
| 21:25 | Research | Stone Mining |
| 21:54 | Create | Galley |
| 21:54 | Create | Galley |
| 22:05 | Research | Wheelbarrow |
| 23:04 | Age | Castle Age |
| 23:09 | Research | War Galley (upgrade) |
| 23:10 | Research | Tech 905 |
| 23:14 | Research | Bodkin Arrow |
| 23:22 | Research | Bow Saw |
| 23:26 | Create | Villager (Male) |
| 23:26 | Create | Villager (Male) |
| 23:26 | Create | Villager (Male) |
| 24:37 | Build | Town Center |
| 24:44 | Build | Castle |
| 24:53 | Build | Town Center |
| 25:19 | Create | Villager (Male) |
| 25:19 | Create | Villager (Male) |
| 25:35 | Create | Villager (Male) |
| 25:35 | Create | Villager (Male) |
| 25:36 | Create | Villager (Male) |
| 25:37 | Create | Villager (Male) |
| 25:41 | Research | Heavy Plow |
| 25:42 | Research | Heavy Plow |
| 26:06 | Create | Villager (Male) |
| 26:06 | Create | Villager (Male) |
| 26:06 | Create | Villager (Male) |
| 26:07 | Create | Villager (Male) |
| 26:07 | Create | Villager (Male) |
| 26:07 | Create | Villager (Male) |
| 26:12 | Research | Stone Shaft Mining |
| 26:16 | Research | Gold Shaft Mining |
| 26:40 | Build | University |
Build order — TheWolf
First 150 of 397 actions detected
| 0:07 | Build | Town Center |
| 0:26 | Build | House |
| 0:53 | Build | Dock |
| 2:34 | Create | Villager (Male) |
| 2:34 | Create | Villager (Male) |
| 2:34 | Create | Villager (Male) |
| 2:34 | Create | Villager (Male) |
| 3:31 | Create | Villager (Male) |
| 4:08 | Create | Fishing Ship |
| 4:45 | Build | House |
| 4:56 | Create | Villager (Male) |
| 4:57 | Create | Villager (Male) |
| 5:17 | Build | House |
| 5:24 | Create | Villager (Male) |
| 5:25 | Create | Villager (Male) |
| 6:05 | Create | Villager (Male) |
| 6:05 | Create | Villager (Male) |
| 6:08 | Create | Villager (Male) |
| 6:08 | Create | Villager (Male) |
| 6:10 | Create | Fishing Ship |
| 6:42 | Create | Villager (Male) |
| 6:42 | Create | Villager (Male) |
| 6:45 | Create | Fishing Ship |
| 6:45 | Create | Fishing Ship |
| 7:12 | Create | Villager (Male) |
| 7:12 | Create | Villager (Male) |
| 7:12 | Create | Villager (Male) |
| 7:13 | Create | Villager (Male) |
| 7:32 | Create | Villager (Male) |
| 7:32 | Create | Villager (Male) |
| 7:33 | Create | Fishing Ship |
| 7:37 | Build | House |
| 8:40 | Create | Fishing Ship |
| 8:45 | Create | Fishing Ship |
| 9:01 | Build | Mill |
| 9:04 | Create | Villager (Male) |
| 9:15 | Build | House |
| 9:26 | Build | Mill |
| 9:55 | Create | Villager (Male) |
| 10:27 | Research | Feudal Age |
| 10:31 | Create | Villager (Male) |
| 10:32 | Create | Villager (Male) |
| 10:58 | Build | Mining Camp |
| 11:00 | Build | House |
| 11:06 | Research | Feudal Age |
| 11:13 | Build | Mill |
| 12:18 | Build | Mining Camp |
| 12:29 | Build | House |
| 12:31 | Build | Palisade Wall |
| 12:36 | Build | House |
| 12:38 | Build | Palisade Wall |
| 12:38 | Build | Palisade Wall |
| 13:01 | Build | Lumber Camp |
| 13:16 | Age | Feudal Age |
| 13:20 | Create | Villager (Male) |
| 13:20 | Create | Villager (Male) |
| 13:23 | Research | Double-Bit Axe |
| 13:57 | Create | Villager (Male) |
| 14:21 | Build | Market |
| 14:48 | Create | Villager (Male) |
| 15:17 | Build | Blacksmith |
| 15:51 | Build | Palisade Wall |
| 15:55 | Build | Palisade Wall |
| 15:58 | Research | Castle Age |
| 15:58 | Research | Castle Age |
| 17:28 | Research | Loom |
| 17:28 | Research | Wheelbarrow |
| 18:38 | Age | Castle Age |
| 18:41 | Build | Castle |
| 18:50 | Create | Villager (Male) |
| 19:00 | Create | Villager (Male) |
| 19:02 | Research | Bow Saw |
| 19:02 | Research | Bow Saw |
| 19:41 | Create | Hussite Wagon |
| 20:11 | Create | Villager (Male) |
| 20:11 | Create | Villager (Male) |
| 20:19 | Create | Hussite Wagon |
| 20:20 | Create | Hussite Wagon |
| 20:26 | Build | Town Center |
| 20:45 | Create | Hussite Wagon |
| 20:49 | Build | Farm |
| 20:51 | Build | Farm |
| 21:31 | Build | Farm |
| 22:03 | Create | Hussite Wagon |
| 22:03 | Create | Hussite Wagon |
| 22:28 | Create | Villager (Male) |
| 22:28 | Create | Villager (Male) |
| 22:28 | Create | Villager (Male) |
| 22:28 | Create | Villager (Male) |
| 22:39 | Create | Hussite Wagon |
| 22:55 | Create | Hussite Wagon |
| 23:17 | Create | Villager (Male) |
| 23:18 | Create | Villager (Male) |
| 23:18 | Create | Villager (Male) |
| 23:18 | Create | Villager (Male) |
| 23:21 | Create | Hussite Wagon |
| 23:24 | Build | Farm |
| 23:32 | Create | Villager (Male) |
| 23:32 | Create | Villager (Male) |
| 24:23 | Create | Hussite Wagon |
| 24:52 | Create | Hussite Wagon |
| 24:54 | Create | Villager (Male) |
| 24:54 | Create | Villager (Male) |
| 24:55 | Create | Villager (Male) |
| 24:55 | Create | Villager (Male) |
| 25:01 | Build | Castle |
| 25:31 | Create | Hussite Wagon |
| 25:50 | Create | Hussite Wagon |
| 25:58 | Build | Palisade Wall |
| 26:01 | Build | Palisade Gate |
| 26:03 | Build | Palisade Wall |
| 26:14 | Build | Palisade Wall |
| 26:16 | Build | Palisade Wall |
| 26:38 | Create | Hussite Wagon |
| 26:40 | Create | Villager (Male) |
| 26:40 | Create | Villager (Male) |
| 26:41 | Create | Villager (Male) |
| 26:41 | Create | Villager (Male) |
| 26:44 | Build | Farm |
| 26:44 | Build | Farm |
| 26:44 | Build | Farm |
| 26:44 | Build | Farm |
| 26:44 | Build | Farm |
| 26:44 | Build | Farm |
| 26:45 | Build | Farm |
| 26:45 | Build | Farm |
| 26:49 | Create | Villager (Male) |
| 26:51 | Create | Villager (Male) |
| 26:51 | Create | Villager (Male) |
| 27:01 | Research | Fletching |
| 27:01 | Research | Fletching |
| 27:08 | Build | Mining Camp |
| 27:13 | Create | Hussite Wagon |
| 27:14 | Create | Hussite Wagon |
| 27:32 | Research | Horse Collar |
| 27:39 | Build | Farm |
| 27:44 | Create | Villager (Male) |
| 27:45 | Create | Villager (Male) |
| 28:05 | Create | Villager (Male) |
| 28:05 | Create | Villager (Male) |
| 28:11 | Create | Hussite Wagon |
| 28:40 | Research | Bodkin Arrow |
| 28:40 | Research | Bodkin Arrow |
| 29:06 | Build | Farm |
| 29:06 | Build | Farm |
| 29:06 | Build | Farm |
| 29:07 | Build | Farm |
| 29:07 | Build | Farm |
| 29:07 | Build | Farm |
| 29:07 | Build | Farm |
Build order — The Great Lynx Paw
First 150 of 266 actions detected
| 0:20 | Build | Town Center |
| 2:19 | Build | Dock |
| 2:23 | Build | House |
| 2:46 | Create | Villager (Male) |
| 2:46 | Create | Villager (Male) |
| 2:46 | Create | Villager (Male) |
| 2:47 | Create | Villager (Male) |
| 2:47 | Create | Villager (Male) |
| 2:47 | Create | Villager (Male) |
| 3:03 | Build | House |
| 4:12 | Create | Villager (Male) |
| 4:44 | Create | Villager (Male) |
| 5:19 | Create | Villager (Male) |
| 5:45 | Create | Villager (Male) |
| 5:45 | Create | Villager (Male) |
| 5:46 | Create | Villager (Male) |
| 6:07 | Create | Villager (Male) |
| 6:08 | Create | Villager (Male) |
| 6:08 | Create | Villager (Male) |
| 6:08 | Create | Villager (Male) |
| 6:37 | Build | House |
| 6:48 | Create | Villager (Male) |
| 6:48 | Create | Villager (Male) |
| 6:48 | Create | Villager (Male) |
| 7:05 | Create | Villager (Male) |
| 7:45 | Create | Villager (Male) |
| 8:01 | Create | Fishing Ship |
| 8:17 | Create | Villager (Male) |
| 8:17 | Create | Villager (Male) |
| 8:43 | Create | Villager (Male) |
| 8:45 | Build | House |
| 8:47 | Build | House |
| 8:59 | Create | Fishing Ship |
| 9:15 | Create | Villager (Male) |
| 9:17 | Build | House |
| 10:02 | Build | Lumber Camp |
| 10:06 | Create | Villager (Male) |
| 10:26 | Create | Fishing Ship |
| 10:36 | Research | Feudal Age |
| 10:38 | Research | Loom |
| 10:55 | Build | Palisade Wall |
| 11:02 | Build | Palisade Wall |
| 11:13 | Create | Fishing Ship |
| 11:30 | Build | Mining Camp |
| 12:35 | Build | Palisade Wall |
| 12:42 | Create | Fishing Ship |
| 12:46 | Create | Villager (Male) |
| 13:03 | Age | Feudal Age |
| 13:05 | Create | Fire Galley |
| 13:05 | Create | Fire Galley |
| 13:17 | Build | Dock |
| 13:24 | Create | Villager (Male) |
| 13:24 | Create | Villager (Male) |
| 13:27 | Build | House |
| 13:28 | Build | House |
| 13:30 | Build | House |
| 13:44 | Create | Villager (Male) |
| 13:53 | Build | Blacksmith |
| 14:05 | Create | Villager (Male) |
| 14:17 | Create | Fire Galley |
| 14:45 | Build | House |
| 14:49 | Build | House |
| 14:54 | Research | Double-Bit Axe |
| 15:02 | Create | Villager (Male) |
| 15:05 | Build | House |
| 15:20 | Create | Villager (Male) |
| 15:29 | Create | Fire Galley |
| 15:29 | Create | Fire Galley |
| 15:37 | Research | Fletching |
| 15:59 | Create | Galley |
| 15:59 | Create | Galley |
| 16:20 | Create | Villager (Male) |
| 16:21 | Create | Villager (Male) |
| 16:26 | Create | Galley |
| 16:27 | Create | Galley |
| 17:28 | Create | Galley |
| 17:29 | Create | Galley |
| 17:51 | Create | Galley |
| 17:51 | Create | Galley |
| 17:52 | Create | Villager (Male) |
| 17:52 | Create | Villager (Male) |
| 17:52 | Create | Villager (Male) |
| 17:52 | Create | Villager (Male) |
| 18:53 | Research | Forging |
| 19:13 | Create | Galley |
| 19:14 | Create | Galley |
| 19:38 | Create | Unit 2626 |
| 19:49 | Create | Villager (Male) |
| 19:50 | Create | Villager (Male) |
| 19:50 | Create | Villager (Male) |
| 20:04 | Build | Dock |
| 20:13 | Create | Villager (Male) |
| 20:13 | Create | Villager (Male) |
| 20:21 | Create | Unit 2626 |
| 20:21 | Create | Unit 2626 |
| 20:21 | Create | Unit 2626 |
| 20:25 | Build | House |
| 20:27 | Build | House |
| 20:34 | Build | Barracks |
| 21:17 | Build | Stable |
| 21:24 | Build | Mill |
| 21:42 | Create | Scout Cavalry |
| 21:44 | Research | Scale Barding Armor |
| 21:50 | Build | Farm |
| 21:50 | Build | Farm |
| 21:50 | Build | Farm |
| 21:51 | Build | Farm |
| 21:51 | Build | Farm |
| 21:51 | Build | Farm |
| 21:55 | Build | Lumber Camp |
| 22:02 | Build | Mining Camp |
| 22:03 | Create | Villager (Male) |
| 22:04 | Create | Villager (Male) |
| 22:04 | Create | Villager (Male) |
| 22:07 | Build | House |
| 22:17 | Research | Tech 906 |
| 22:33 | Create | Villager (Male) |
| 22:46 | Create | Scout Cavalry |
| 23:09 | Create | Scout Cavalry |
| 23:32 | Create | Unit 2626 |
| 23:32 | Create | Unit 2626 |
| 23:35 | Create | Villager (Male) |
| 23:35 | Create | Villager (Male) |
| 23:42 | Build | Stable |
| 24:20 | Create | Demolition Raft |
| 24:26 | Create | Demolition Raft |
| 24:47 | Create | Scout Cavalry |
| 24:47 | Create | Scout Cavalry |
| 24:59 | Build | Lumber Camp |
| 25:25 | Create | Scout Cavalry |
| 25:39 | Build | Lumber Camp |
| 25:41 | Create | Villager (Male) |
| 25:41 | Create | Villager (Male) |
| 27:24 | Create | Villager (Male) |
| 27:31 | Build | Mill |
| 29:14 | Build | Town Center |
| 29:27 | Create | Galley |
| 29:28 | Create | Galley |
| 29:28 | Create | Galley |
| 29:39 | Build | Mill |
| 30:02 | Research | Padded Archer Armor |
| 31:05 | Research | Castle Age |
| 31:13 | Build | Lumber Camp |
| 31:31 | Build | Archery Range |
| 31:47 | Create | Fishing Ship |
| 31:48 | Create | Fishing Ship |
| 31:48 | Create | Fishing Ship |
| 31:48 | Create | Fishing Ship |
| 32:19 | Build | Mining Camp |
| 33:45 | Age | Castle Age |
Build order — The Great Lion Paw
First 150 of 363 actions detected
| 0:20 | Build | Town Center |
| 1:25 | Build | Dock |
| 1:50 | Build | House |
| 2:39 | Create | Villager (Male) |
| 2:39 | Create | Villager (Male) |
| 2:39 | Create | Villager (Male) |
| 2:42 | Create | Villager (Male) |
| 4:21 | Create | Villager (Male) |
| 4:22 | Create | Villager (Male) |
| 4:22 | Create | Villager (Male) |
| 5:07 | Create | Villager (Male) |
| 5:07 | Create | Villager (Male) |
| 5:15 | Create | Fishing Ship |
| 5:22 | Build | House |
| 5:36 | Research | Loom |
| 5:42 | Create | Fishing Ship |
| 5:56 | Build | House |
| 6:01 | Create | Villager (Male) |
| 6:01 | Create | Villager (Male) |
| 6:03 | Create | Villager (Male) |
| 6:36 | Create | Fishing Ship |
| 6:48 | Create | Villager (Male) |
| 6:49 | Create | Villager (Male) |
| 7:09 | Create | Villager (Male) |
| 7:19 | Create | Villager (Male) |
| 7:19 | Create | Villager (Male) |
| 7:28 | Create | Fishing Ship |
| 7:28 | Create | Fishing Ship |
| 7:32 | Build | House |
| 7:55 | Create | Villager (Male) |
| 8:07 | Create | Villager (Male) |
| 8:07 | Create | Villager (Male) |
| 8:10 | Create | Fishing Ship |
| 8:10 | Create | Fishing Ship |
| 8:21 | Build | Palisade Wall |
| 8:31 | Create | Villager (Male) |
| 8:33 | Create | Fishing Ship |
| 8:53 | Create | Villager (Male) |
| 9:00 | Create | Fishing Ship |
| 9:28 | Build | House |
| 10:13 | Create | Fishing Ship |
| 10:24 | Create | Villager (Male) |
| 10:30 | Build | House |
| 10:56 | Create | Villager (Male) |
| 11:00 | Build | Mining Camp |
| 11:17 | Create | Villager (Male) |
| 11:38 | Research | Feudal Age |
| 12:06 | Build | House |
| 12:23 | Create | Fishing Ship |
| 12:23 | Create | Fishing Ship |
| 13:25 | Create | Villager (Male) |
| 13:25 | Create | Villager (Male) |
| 13:56 | Age | Feudal Age |
| 13:58 | Build | Blacksmith |
| 14:17 | Build | Lumber Camp |
| 14:21 | Build | Mill |
| 14:24 | Create | Villager (Male) |
| 14:38 | Create | Fire Galley |
| 14:38 | Create | Fire Galley |
| 15:01 | Create | Villager (Male) |
| 15:25 | Build | Market |
| 15:34 | Create | Villager (Male) |
| 15:39 | Research | Double-Bit Axe |
| 15:47 | Build | House |
| 16:12 | Research | Castle Age |
| 16:22 | Build | Mining Camp |
| 16:34 | Build | House |
| 16:57 | Create | Fire Galley |
| 17:05 | Build | House |
| 17:46 | Build | House |
| 17:48 | Create | Villager (Male) |
| 17:55 | Build | Dock |
| 18:10 | Research | Stone Mining |
| 18:13 | Research | Fletching |
| 18:28 | Create | Galley |
| 18:52 | Age | Castle Age |
| 18:56 | Build | Outpost |
| 19:00 | Research | Bow Saw |
| 19:10 | Create | Fire Galley |
| 19:13 | Create | Fire Galley |
| 19:23 | Build | House |
| 19:37 | Research | Bodkin Arrow |
| 19:46 | Research | War Galley (upgrade) |
| 19:49 | Create | Villager (Male) |
| 19:50 | Create | Villager (Male) |
| 19:58 | Create | Villager (Male) |
| 19:58 | Create | Villager (Male) |
| 20:24 | Create | Villager (Male) |
| 20:24 | Create | Villager (Male) |
| 20:27 | Build | House |
| 20:47 | Create | Villager (Male) |
| 20:47 | Create | Villager (Male) |
| 20:54 | Build | Barracks |
| 21:05 | Create | Fire Galley |
| 21:14 | Build | House |
| 21:28 | Build | Town Center |
| 21:35 | Create | Villager (Male) |
| 21:39 | Research | Tech 906 |
| 21:47 | Research | Gold Mining |
| 21:51 | Build | Farm |
| 21:52 | Build | Farm |
| 21:55 | Build | House |
| 22:15 | Create | Villager (Male) |
| 22:21 | Build | Castle |
| 22:33 | Build | House |
| 22:40 | Research | Gillnets |
| 23:02 | Build | Dock |
| 23:05 | Create | Villager (Male) |
| 23:06 | Create | Villager (Male) |
| 23:12 | Research | Padded Archer Armor |
| 23:37 | Create | Camel Archer |
| 23:37 | Create | Camel Archer |
| 23:38 | Create | Camel Archer |
| 23:42 | Create | Villager (Male) |
| 23:43 | Create | Villager (Male) |
| 23:44 | Build | Farm |
| 23:44 | Build | Farm |
| 23:44 | Build | Farm |
| 23:45 | Build | Farm |
| 23:45 | Build | Farm |
| 24:05 | Create | Galley |
| 24:11 | Build | Farm |
| 24:12 | Create | Villager (Male) |
| 24:13 | Research | Wheelbarrow |
| 24:13 | Create | Villager (Male) |
| 24:13 | Create | Villager (Male) |
| 24:49 | Build | Siege Workshop |
| 25:09 | Create | Villager (Male) |
| 25:10 | Create | Villager (Male) |
| 25:10 | Create | Villager (Male) |
| 25:10 | Create | Villager (Male) |
| 25:10 | Create | Villager (Male) |
| 25:14 | Create | Mangonel |
| 25:14 | Create | Mangonel |
| 25:25 | Create | Villager (Male) |
| 25:26 | Create | Villager (Male) |
| 25:59 | Create | Mangonel |
| 26:23 | Create | Galley |
| 26:23 | Create | Galley |
| 26:24 | Create | Fire Galley |
| 26:24 | Create | Fire Galley |
| 26:49 | Research | Leather Archer Armor |
| 26:53 | Create | Villager (Male) |
| 26:53 | Create | Villager (Male) |
| 26:53 | Create | Villager (Male) |
| 26:54 | Create | Villager (Male) |
| 26:54 | Create | Villager (Male) |
| 26:57 | Create | Mangonel |
| 27:14 | Create | Villager (Male) |
| 27:14 | Create | Villager (Male) |
Build order — uku_
First 150 of 453 actions detected
| 0:07 | Build | Town Center |
| 0:12 | Build | House |
| 1:52 | Build | Dock |
| 2:25 | Create | Villager (Male) |
| 2:26 | Create | Villager (Male) |
| 2:26 | Create | Villager (Male) |
| 2:34 | Create | Fishing Ship |
| 2:34 | Create | Fishing Ship |
| 2:40 | Create | Villager (Male) |
| 2:40 | Create | Villager (Male) |
| 2:40 | Create | Villager (Male) |
| 3:58 | Build | House |
| 4:09 | Create | Villager (Male) |
| 4:10 | Create | Villager (Male) |
| 4:13 | Build | House |
| 4:14 | Build | House |
| 4:22 | Build | House |
| 4:40 | Build | House |
| 4:44 | Research | Loom |
| 5:13 | Create | Villager (Male) |
| 5:13 | Create | Villager (Male) |
| 5:15 | Create | Fishing Ship |
| 5:19 | Build | Palisade Wall |
| 5:20 | Build | Palisade Wall |
| 5:22 | Create | Villager (Male) |
| 5:22 | Create | Villager (Male) |
| 5:55 | Create | Villager (Male) |
| 5:55 | Create | Villager (Male) |
| 5:55 | Create | Villager (Male) |
| 6:15 | Create | Villager (Male) |
| 6:15 | Create | Villager (Male) |
| 6:15 | Create | Villager (Male) |
| 6:19 | Build | Outpost |
| 6:37 | Create | Villager (Male) |
| 6:37 | Create | Villager (Male) |
| 6:38 | Create | Villager (Male) |
| 6:46 | Build | House |
| 7:30 | Create | Villager (Male) |
| 7:44 | Create | Fishing Ship |
| 7:47 | Create | Villager (Male) |
| 8:12 | Build | Palisade Wall |
| 8:15 | Create | Villager (Male) |
| 8:37 | Build | House |
| 8:55 | Build | House |
| 9:07 | Create | Villager (Male) |
| 9:21 | Build | House |
| 9:33 | Create | Villager (Male) |
| 9:39 | Build | Mining Camp |
| 9:59 | Create | Villager (Male) |
| 10:23 | Research | Feudal Age |
| 10:38 | Build | Mill |
| 11:07 | Create | Villager (Male) |
| 11:16 | Build | Dock |
| 12:03 | Create | Fishing Ship |
| 12:27 | Age | Feudal Age |
| 12:32 | Build | Market |
| 12:56 | Create | Villager (Male) |
| 13:05 | Build | Palisade Wall |
| 13:20 | Create | Villager (Male) |
| 13:22 | Build | Blacksmith |
| 13:47 | Create | Villager (Male) |
| 14:03 | Build | Lumber Camp |
| 14:11 | Create | Villager (Male) |
| 14:18 | Create | Fishing Ship |
| 14:30 | Build | Palisade Wall |
| 14:32 | Build | House |
| 14:38 | Research | Castle Age |
| 14:49 | Research | Double-Bit Axe |
| 15:20 | Create | Fishing Ship |
| 15:25 | Build | Palisade Wall |
| 15:28 | Create | Galley |
| 15:46 | Create | Fire Galley |
| 16:15 | Build | Palisade Wall |
| 16:16 | Build | House |
| 16:27 | Create | Galley |
| 16:28 | Create | Galley |
| 16:47 | Create | Villager (Male) |
| 16:59 | Create | Unit 2626 |
| 17:03 | Age | Castle Age |
| 17:08 | Build | Palisade Gate |
| 17:18 | Build | House |
| 17:28 | Create | Unit 2626 |
| 17:33 | Create | Villager (Male) |
| 17:33 | Create | Villager (Male) |
| 17:33 | Create | Villager (Male) |
| 17:36 | Build | House |
| 17:44 | Create | Villager (Male) |
| 17:44 | Create | Villager (Male) |
| 18:10 | Create | Villager (Male) |
| 18:10 | Create | Villager (Male) |
| 18:15 | Build | Town Center |
| 18:40 | Research | Bow Saw |
| 18:43 | Research | Fletching |
| 18:43 | Research | Fletching |
| 19:13 | Build | Mining Camp |
| 19:18 | Build | House |
| 19:19 | Build | House |
| 19:22 | Create | Villager (Male) |
| 19:22 | Create | Villager (Male) |
| 19:51 | Create | Villager (Male) |
| 19:51 | Create | Villager (Male) |
| 19:53 | Build | Lumber Camp |
| 20:14 | Research | Bodkin Arrow |
| 20:17 | Research | War Galley (upgrade) |
| 20:17 | Research | War Galley (upgrade) |
| 20:21 | Build | House |
| 20:33 | Create | Villager (Male) |
| 20:34 | Create | Villager (Male) |
| 20:38 | Create | Villager (Male) |
| 20:38 | Create | Villager (Male) |
| 20:57 | Build | House |
| 20:58 | Build | House |
| 20:58 | Build | House |
| 21:02 | Create | Galley |
| 21:02 | Create | Galley |
| 21:02 | Create | Galley |
| 21:14 | Build | Lumber Camp |
| 21:17 | Create | Villager (Male) |
| 21:17 | Create | Villager (Male) |
| 21:20 | Build | Town Center |
| 21:38 | Build | Farm |
| 21:38 | Build | Farm |
| 21:39 | Build | Farm |
| 21:39 | Build | Farm |
| 22:04 | Create | Galley |
| 22:06 | Create | Villager (Male) |
| 22:06 | Create | Villager (Male) |
| 22:08 | Build | Farm |
| 22:19 | Create | Galley |
| 22:27 | Create | Villager (Male) |
| 22:32 | Create | Galley |
| 22:34 | Create | Galley |
| 22:40 | Build | Dock |
| 22:57 | Build | Stone Wall |
| 22:59 | Create | Villager (Male) |
| 22:59 | Create | Villager (Male) |
| 23:12 | Build | Mill |
| 23:13 | Build | Farm |
| 23:13 | Build | Farm |
| 23:13 | Build | Farm |
| 23:13 | Build | Farm |
| 23:14 | Build | Farm |
| 23:14 | Build | Farm |
| 23:14 | Build | Farm |
| 23:14 | Build | Farm |
| 23:49 | Create | Unit 2626 |
| 23:51 | Create | Unit 2626 |
| 23:56 | Build | Farm |
| 23:56 | Build | Farm |
| 23:56 | Build | Farm |
Build order — The Great Leopard Paw
First 150 of 385 actions detected
| 0:21 | Build | Town Center |
| 2:09 | Build | Dock |
| 2:10 | Build | House |
| 2:45 | Create | Villager (Male) |
| 2:45 | Create | Villager (Male) |
| 3:12 | Create | Villager (Male) |
| 3:13 | Create | Villager (Male) |
| 3:13 | Create | Villager (Male) |
| 3:43 | Create | Fishing Ship |
| 4:25 | Research | Loom |
| 4:56 | Create | Fishing Ship |
| 5:00 | Build | House |
| 5:02 | Create | Villager (Male) |
| 5:36 | Create | Villager (Male) |
| 5:49 | Create | Villager (Male) |
| 6:18 | Create | Villager (Male) |
| 6:23 | Create | Villager (Male) |
| 6:58 | Create | Villager (Male) |
| 6:59 | Create | Villager (Male) |
| 7:20 | Create | Fishing Ship |
| 7:23 | Build | House |
| 7:28 | Build | House |
| 7:50 | Create | Villager (Male) |
| 7:54 | Create | Villager (Male) |
| 8:21 | Build | House |
| 8:24 | Create | Fishing Ship |
| 8:45 | Create | Villager (Male) |
| 9:13 | Build | Mill |
| 9:16 | Create | Villager (Male) |
| 9:53 | Create | Villager (Male) |
| 10:14 | Build | Lumber Camp |
| 10:15 | Create | Villager (Male) |
| 10:29 | Create | Villager (Male) |
| 10:31 | Research | Feudal Age |
| 11:15 | Build | Mining Camp |
| 12:18 | Build | Dock |
| 12:44 | Build | House |
| 12:58 | Create | Villager (Male) |
| 13:19 | Age | Feudal Age |
| 13:20 | Create | Galley |
| 13:33 | Create | Galley |
| 13:34 | Create | Galley |
| 13:36 | Create | Villager (Male) |
| 13:53 | Create | Villager (Male) |
| 14:15 | Build | Blacksmith |
| 14:17 | Create | Villager (Male) |
| 14:38 | Build | House |
| 14:43 | Research | Town Watch |
| 14:52 | Research | Double-Bit Axe |
| 14:55 | Research | Fletching |
| 15:01 | Create | Villager (Male) |
| 15:01 | Create | Villager (Male) |
| 15:17 | Create | Galley |
| 15:18 | Create | Galley |
| 15:32 | Create | Villager (Male) |
| 15:45 | Build | House |
| 15:53 | Create | Galley |
| 15:54 | Create | Galley |
| 15:55 | Create | Villager (Male) |
| 16:18 | Create | Villager (Male) |
| 16:34 | Build | Market |
| 16:36 | Create | Villager (Male) |
| 17:02 | Create | Villager (Male) |
| 17:08 | Build | House |
| 17:36 | Build | Farm |
| 17:37 | Build | Farm |
| 17:46 | Research | Castle Age |
| 17:59 | Create | Galley |
| 17:59 | Create | Galley |
| 18:08 | Build | Farm |
| 18:08 | Build | Farm |
| 18:08 | Build | Farm |
| 18:09 | Build | Farm |
| 18:11 | Build | House |
| 18:13 | Build | House |
| 18:25 | Create | Fishing Ship |
| 18:25 | Create | Fishing Ship |
| 18:47 | Create | Villager (Male) |
| 18:55 | Research | Tech 906 |
| 19:13 | Build | House |
| 19:15 | Build | Palisade Wall |
| 19:55 | Research | Horse Collar |
| 20:01 | Research | Gold Mining |
| 20:28 | Age | Castle Age |
| 20:29 | Create | Longboat |
| 20:30 | Create | Longboat |
| 20:30 | Create | Longboat |
| 20:30 | Create | Longboat |
| 20:32 | Research | Bodkin Arrow |
| 20:35 | Create | Villager (Male) |
| 20:36 | Create | Villager (Male) |
| 21:05 | Build | Palisade Wall |
| 21:13 | Create | Longboat |
| 21:14 | Create | Longboat |
| 21:32 | Build | Town Center |
| 21:32 | Create | Villager (Male) |
| 21:45 | Create | Villager (Male) |
| 21:51 | Build | House |
| 22:17 | Create | Longboat |
| 22:18 | Create | Longboat |
| 22:20 | Create | Villager (Male) |
| 22:27 | Build | Farm |
| 22:51 | Build | Farm |
| 22:52 | Create | Villager (Male) |
| 22:52 | Create | Villager (Male) |
| 22:53 | Create | Villager (Male) |
| 22:57 | Build | Barracks |
| 23:06 | Create | Longboat |
| 23:06 | Create | Longboat |
| 23:06 | Create | Longboat |
| 23:16 | Create | Villager (Male) |
| 23:35 | Build | Farm |
| 24:23 | Create | Longboat ×5 |
| 24:44 | Create | Villager (Male) |
| 24:45 | Create | Villager (Male) |
| 24:45 | Create | Villager (Male) |
| 24:45 | Create | Villager (Male) |
| 24:50 | Build | Archery Range |
| 25:14 | Build | Farm |
| 25:15 | Create | Villager (Male) |
| 25:15 | Create | Villager (Male) |
| 25:16 | Create | Villager (Male) |
| 25:21 | Build | Farm |
| 25:21 | Build | Farm |
| 25:22 | Build | Farm |
| 25:22 | Build | Farm |
| 25:22 | Build | Farm |
| 25:22 | Build | Farm |
| 25:23 | Build | Farm |
| 25:23 | Build | Farm |
| 25:23 | Build | Farm |
| 25:31 | Build | Farm |
| 26:15 | Research | Crossbowman (upgrade) |
| 26:18 | Create | Villager (Male) |
| 26:19 | Create | Villager (Male) |
| 26:36 | Build | Dock |
| 26:44 | Build | Mining Camp |
| 26:44 | Create | Villager (Male) |
| 26:44 | Create | Villager (Male) |
| 26:51 | Create | Longboat |
| 26:52 | Create | Longboat |
| 26:52 | Create | Longboat |
| 26:53 | Create | Villager (Male) |
| 26:57 | Build | Farm |
| 27:09 | Create | Archer |
| 27:10 | Create | Archer |
| 27:16 | Build | Archery Range |
| 27:17 | Research | Padded Archer Armor |
| 27:19 | Create | Villager (Male) |
| 27:21 | Build | House |
Match timeline
| 0:22 | dl_king · first_building Dock |
| 0:53 | TheWolf · first_building Dock |
| 1:25 | The Great Lion Paw · first_building Dock |
| 1:52 | uku_ · first_building Dock |
| 2:09 | The Great Leopard Paw · first_building Dock |
| 2:19 | The Great Lynx Paw · first_building Dock |
| 5:19 | uku_ · wall_segment Palisade Wall x2 |
| 5:20 | uku_ · wall_segment Palisade Wall x1 |
| 8:12 | uku_ · wall_segment Palisade Wall x17 |
| 8:21 | The Great Lion Paw · wall_segment Palisade Wall x1 |
| 10:55 | The Great Lynx Paw · wall_segment Palisade Wall x5 |
| 11:02 | The Great Lynx Paw · wall_segment Palisade Wall x13 |
| 12:27 | uku_ · age_up feudal |
| 12:31 | TheWolf · wall_segment Palisade Wall x1 |
| 12:35 | The Great Lynx Paw · wall_segment Palisade Wall x17 |
| 12:38 | TheWolf · wall_segment Palisade Wall x1 |
| 12:38 | TheWolf · wall_segment Palisade Wall x1 |
| 13:03 | The Great Lynx Paw · age_up feudal |
| 13:05 | uku_ · wall_segment Palisade Wall x1 |
| 13:16 | TheWolf · age_up feudal |
| 13:19 | The Great Leopard Paw · age_up feudal |
| 13:39 | dl_king · age_up feudal |
| 13:56 | The Great Lion Paw · age_up feudal |
| 14:30 | uku_ · wall_segment Palisade Wall x1 |
| 15:25 | uku_ · wall_segment Palisade Wall x4 |
| 15:51 | TheWolf · wall_segment Palisade Wall x1 |
| 15:55 | TheWolf · wall_segment Palisade Wall x24 |
| 16:15 | uku_ · wall_segment Palisade Wall x1 |
| 17:03 | uku_ · age_up castle |
| 17:41 | The Great Leopard Paw · first_market_sell 100 wood |
| 17:44 | The Great Leopard Paw · first_market_buy 100 food |
| 18:38 | TheWolf · age_up castle |
| 18:41 | TheWolf · first_building Castle |
| 18:52 | The Great Lion Paw · age_up castle |
| 19:15 | The Great Leopard Paw · wall_segment Palisade Wall x10 |
| 20:28 | The Great Leopard Paw · age_up castle |
| 20:34 | The Great Lynx Paw · first_building Barracks |
| 20:54 | The Great Lion Paw · first_building Barracks |
| 21:05 | The Great Leopard Paw · wall_segment Palisade Wall x10 |
| 21:17 | The Great Lynx Paw · first_building Stable |
| 22:21 | The Great Lion Paw · first_building Castle |
| 22:57 | uku_ · wall_segment Stone Wall x18 |
| 22:57 | The Great Leopard Paw · first_building Barracks |
| 23:04 | dl_king · age_up castle |
| 23:49 | The Great Lion Paw · first_market_buy 100 food |
| 24:16 | uku_ · first_market_buy 100 food |
| 24:44 | dl_king · first_building Castle |
| 24:49 | The Great Lion Paw · first_building Siege Workshop |
| 24:50 | The Great Leopard Paw · first_building Archery Range |
| 25:58 | TheWolf · wall_segment Palisade Wall x1 |
| 26:03 | TheWolf · wall_segment Palisade Wall x1 |
| 26:14 | TheWolf · wall_segment Palisade Wall x1 |
| 26:16 | TheWolf · wall_segment Palisade Wall x1 |
| 27:37 | uku_ · first_building Siege Workshop |
| 27:47 | The Great Leopard Paw · tribute_sent a jugador 1 |
| 27:47 | The Great Leopard Paw · tribute_sent a jugador 2 |
| 27:47 | The Great Leopard Paw · tribute_sent a jugador 3 |
| 27:47 | The Great Leopard Paw · tribute_sent a jugador 4 |
| 27:47 | The Great Leopard Paw · tribute_sent a jugador 5 |
| 27:58 | uku_ · first_building Monastery |
| 30:22 | The Great Leopard Paw · first_building Monastery |
| 31:03 | TheWolf · first_building Barracks |
| 31:19 | dl_king · first_building Siege Workshop |
| 31:28 | uku_ · first_building Barracks |
| 31:31 | The Great Lynx Paw · first_building Archery Range |
| 31:31 | dl_king · first_building Barracks |
| 32:20 | uku_ · first_building Castle |
| 32:33 | The Great Lion Paw · age_up imperial |
| 32:36 | The Great Leopard Paw · first_building Castle |
| 32:47 | TheWolf · first_building Monastery |
| 32:50 | TheWolf · first_building Siege Workshop |
| 33:05 | uku_ · first_building Stable |
| 33:35 | TheWolf · age_up imperial |
| 33:45 | The Great Lynx Paw · age_up castle |
| 33:53 | TheWolf · first_market_sell 100 food |
| 33:55 | TheWolf · first_market_buy 100 stone |
| 34:05 | uku_ · age_up imperial |
| 34:21 | The Great Leopard Paw · age_up imperial |
| 34:30 | The Great Lion Paw · first_building Archery Range |
| 34:34 | The Great Lion Paw · first_building Stable |
| 36:22 | TheWolf · first_building Archery Range |
| 37:19 | dl_king · age_up imperial |
| 37:50 | TheWolf · tribute_sent a jugador 2 |
| 37:50 | TheWolf · tribute_sent a jugador 3 |
| 37:50 | TheWolf · tribute_sent a jugador 4 |
| 37:50 | TheWolf · tribute_sent a jugador 5 |
| 37:50 | TheWolf · tribute_sent a jugador 6 |
| 38:12 | The Great Lynx Paw · first_building Castle |
| 38:23 | dl_king · first_market_buy 100 stone |
| 39:50 | dl_king · first_building Stable |
| 40:02 | TheWolf · tribute_sent a jugador 2 |
| 40:02 | TheWolf · tribute_sent a jugador 3 |
| 40:02 | TheWolf · tribute_sent a jugador 4 |
| 40:02 | TheWolf · tribute_sent a jugador 5 |
| 40:02 | TheWolf · tribute_sent a jugador 6 |
| 41:01 | The Great Lion Paw · first_market_sell 500 wood |
| 42:33 | TheWolf · tribute_sent a jugador 2 |
| 42:33 | TheWolf · tribute_sent a jugador 3 |
| 42:33 | TheWolf · tribute_sent a jugador 4 |
| 42:33 | TheWolf · tribute_sent a jugador 5 |
| 42:33 | TheWolf · tribute_sent a jugador 6 |
| 47:43 | The Great Leopard Paw · wall_segment Palisade Wall x1 |
| 48:54 | The Great Lynx Paw · resign |
[ AI ANALYSIS · 1 CREDIT ]
What really happened in this match?
Wolo.gg analyzes every decision: build order, eco, micro, common mistakes by bracket. Personalized analysis on WhatsApp or Discord in 30 seconds.
Civ guide
Chinese
Perfil
dl_king